 Dungeon Crawl Stone Soup version 0.30.1-4-g462c640d31 (webtiles) character file.

Game seed: 5123054014454923709

219 jgold the Trooper (level 6, -1/44 (47) HPs)
             Began as a Human Cinder Acolyte on Sept 9, 2023.
             Was a High Priest of Ignis.
             Slain by a wight
             ... wielding a +0 falchion
              (4 damage)
             ... on level 4 of the Dungeon.
             The game lasted 00:31:44 (5206 turns).

jgold the Trooper (Human Cinder Acolyte)            Turns: 5206, Time: 00:31:44

HP:   -1/44 (47)    AC:  2    Str: 20    XL:     6   Next: 18%
MP:   1/9           EV: 11    Int: 17    God:    Ignis [*****.]
Gold: 174           SH:  0    Dex:  8    Spells: 2/9 levels left

rFire   + . .        u - +5 spear
rCold   . . .        (no shield)
rNeg    . . .        b - +0 robe
rPois   .            (no helmet)
rElec   .            (no cloak)
rCorr   .            (no gloves)
SInv    .            (no boots)
Will    .....        (no amulet)
Stlth   +            q - +6 ring of strength
HPRegen 0.27/turn    (no ring)
MPRegen 0.11/turn

%: no passive effects
@: very slightly contaminated, drained
A: no striking features
a: Renounce Religion, Fiery Armour, Foxfire Swarm, Rising Flame


You were on level 4 of the Dungeon.
You worshipped Ignis.
Ignis was extremely pleased with you.
You visited 1 branch of the dungeon, and saw 4 of its levels.

You collected 174 gold pieces.

Inventory:

Hand Weapons
 a - a -1 spear of flaming
 u - a +5 spear (weapon)
Armour
 b - a +0 robe (worn)
Jewellery
 q - a +6 ring of strength (left hand)
Wands
 k - a wand of paralysis (16)
Scrolls
 c - 3 scrolls of identify
 n - a scroll of enchant weapon
 p - 2 scrolls of teleportation
Potions
 d - a potion of resistance {unknown}
 e - 2 potions of experience {unknown}
 f - 2 potions of brilliance {unknown}
 h - a potion of haste {unknown}
 i - 2 potions of magic {unknown}
 j - 2 potions of invisibility {unknown}
 l - a potion of heal wounds {unknown}
 o - a potion of berserk rage {unknown}
 r - a potion of flight {unknown}
 s - 2 potions of curing


   Skills:
 + Level 3.6 Fighting
 + Level 3.5 Polearms
 - Level 1.1 Armour
 + Level 1.5 Dodging
 + Level 1.6 Stealth
 * Level 2.3 Spellcasting
 + Level 1.1 Summonings
 + Level 3.5 Fire Magic
 + Level 1.2 Evocations


You had 2 spell levels left.
You knew the following spells:

 Your Spells              Type           Power      Damage    Failure   Level
a - Scorch                Fire           26%        2d6       7%          2
b - Call Imp              Summ           10%        N/A       19%         2
c - Mephitic Cloud        Conj/Pois/Air  1%         N/A       50%         3

Your spell library contained the following spells:

 Spells                   Type           Power      Damage    Failure   Level
 Magic Dart               Conj           4%         1d3       19%         1


Dungeon Overview and Level Annotations

Branches:
Dungeon (4/15)
 Temple: D:4-7

Altars:
Hepliaklqana
Nemelex Xobeh
Vehumet

Shops:
D:2 ?

Annotations:
D:3 1 transporter


Message History

Your cerulean imp barely misses the mummy.
Your cerulean imp barely misses the mummy.
The mummy hits your cerulean imp!
Your cerulean imp dies!
Your cerulean imp disappears in a puff of smoke!
Casting: Call Imp (safe; 19% risk of failure)
Confirm with . or Enter, or press ? or * to list all spells.
Flames lash the mummy.
The mummy is burned terribly!
The mummy is moderately damaged.
The mummy's fire resistance burns away.
A bullfrog zombie comes into view.
A wight comes into view. It is wielding a +0 falchion.
A human zombie comes into view.
Casting: Scorch (safe; 7% risk of failure)
Confirm with . or Enter, or press ? or * to list all spells.
Flames lash the mummy.
The mummy is burned terribly!
The mummy is severely damaged.
A hound zombie comes into view.
Something unseen opens the door.
Unknown command.
A wight comes into view. It is wielding a +2 short sword.
There is an open door here.
The wight attacks as you move away! The wight hits you with a +0 falchion!
The wight attacks as you move away! The wight misses you.
Casting: Scorch (safe; 7% risk of failure)
Confirm with . or Enter, or press ? or * to list all spells.
You miscast Call Imp.
You are very lightly contaminated with residual magic.
Nothing appears to happen.
The wight hits you with a +0 falchion!
An adder zombie comes into view.
The wight hits you with a +0 falchion.
You feel drained.
Casting: Call Imp (safe; 19% risk of failure)
Confirm with . or Enter, or press ? or * to list all spells.
A tiny devil pulls itself out of the air.
The wight hits you with a +0 falchion!
* * * LOW HITPOINT WARNING * * *
You feel drained.
* * * LOW HITPOINT WARNING * * *
The wight attacks as you move away! The wight hits you with a +0 falchion.
You die... ...........###.# #......####.. ..........## ZZZ

##...### ..
..........####†#
#.....# ##
...........#.Zz+
###....###
...##......###.#
##........#
######.....# #M#
#.......###
#...### #.#
#......## ##.##
#M#####.....##
###
#.z@.5....###
######....#
##..## ##.# ###


You could see a mummy, a wight (ally target) and a friendly cerulean imp
(summoned).

Vanquished Creatures
  3 jellies (D:4)
  An orc wizard (D:4)
  A howler monkey zombie (D:4)
  3 adders
  An ufetubus (D:4)
  2 worms (D:3)
  A dart slug (D:1)
  4 orcs
  5 endoplasms
  2 giant cockroaches
  6 goblins
  3 hobgoblins
  2 quokkas
  5 ball pythons
  6 bats
  5 frilled lizards
  3 kobolds
  2 rats
55 creatures vanquished.

Vanquished Creatures (collateral kills)
  An orc (D:4)
1 creature vanquished.

Grand Total: 56 creatures vanquished

Notes
Turn   | Place    | Note
-------+----------+-------------------------------------------
     0 | D:1      | jgold the Human Cinder Acolyte began the quest for the Orb.
     0 | D:1      | Reached XP level 1. HP: 18/18 MP: 2/2
   369 | D:1      | Reached XP level 2. HP: 23/24 MP: 3/3
   376 | D:1      | Learned a level 2 spell: Scorch
  1434 | D:2      | Reached XP level 3. HP: 29/29 MP: 1/4
  2143 | D:3      | Reached skill level 1 in Stealth
  2150 | D:3      | Reached skill level 1 in Armour
  2254 | D:2      | Found Heorchus's Magic Scroll Emporium.
  2273 | D:2      | Reached XP level 4. HP: 30/35 MP: 2/6
  2708 | D:3      | Found a faded altar of an unknown god.
  2713 | D:3      | Found a radiant altar of Vehumet.
  2813 | D:3      | Reached skill level 1 in Dodging
  2968 | D:3      | Found a hazy altar of Hepliaklqana.
  3107 | D:3      | Found a sparkling altar of Nemelex Xobeh.
  3107 | D:3      | Found a transporter.
  3107 | D:3      | Noticed a scorpion
  3333 | D:3      | Learned a level 2 spell: Call Imp
  4250 | D:4      | Reached XP level 5. HP: 38/41 MP: 0/7
  4721 | D:4      | Learned a level 3 spell: Mephitic Cloud
  4831 | D:4      | Reached skill level 1 in Evocations
  4903 | D:4      | Reached skill level 1 in Summonings
  4903 | D:4      | Reached XP level 6. HP: 47/47 MP: 4/9
  5206 | D:4      | Slain by a wight

Illustrated notes

Levels and vault maps discovered:
D:1:      dpeg_arrival_arbitrary_b, layout_loops_corners, st_stairs_12
D:2:      minmay_diamond_boxcup, layout_basic, serial_shops, shop,
          hangedman_decor_diamond_cutter
D:3:      layout_loops_cross, nicolae_overflow_ecumenical_swirl,
          grunt_nemelex_the_gamble, worldfamousw_hep_ancestral_shrine,
          chequers_serial_rivers_micro_b, dk_noncrumbling_3,
          hangedman_feature_mirror
D:4:      layout_cave_pools, lemuel_mausoleum_altar_kikubaaqudgha

Skill      XL: |  1  2  3  4  5 |
---------------+----------------+-----
Stealth        | 1 |  1.6
Armour         | 1 |  1.1
Dodging        | 1 |  1.5
Spellcasting   | 2 |  2.3
Evocations     | 1 |  1.2
Summonings     | 1 |  1.1
Fighting       | |  3.6
Polearms       | |  3.5
Fire Magic     | |  3.5

Action                     |  1- 3 |  4- 6 || total
---------------------------+-------+-------++-------
  Melee: Spear             |    83 |    28 ||   111
         Punch             |     1 |       ||     1
   Cast: Scorch            |    18 |    27 ||    45
         Call Imp          |       |     9 ||     9
    Use: Scroll            |       |     6 ||     6
 Armour: Robe              |    24 |     5 ||    29
  Dodge: Dodged            |    58 |     9 ||    67
